 Dungeon Crawl Stone Soup version 0.27-a0-797-g27d10ad80f (webtiles) character file.

Game seed: 14378259614332302920

75 polve the Slasher (level 4, 0/35 HPs)
             Began as a Demonspawn Abyssal Knight on Mar 27, 2021.
             Was a Follower of Lugonu.
             Slain by Grinder (1 damage)
             ... on level 2 of the Dungeon.
             The game lasted 00:02:54 (3222 turns).

polve the Slasher (Demonspawn Abyssal Knight)       Turns: 3222, Time: 00:02:55

Health: 0/35       AC: 11    Str: 12    XL:     4   Next: 11%
Magic:  5/5        EV:  5    Int: 14    God:    Lugonu [*.....]
Gold:   82         SH:  0    Dex: 13    Spells: 3/3 levels left

rFire    . . .     SeeInvis .   j - +0 long sword
rCold    . . .     Faith    .   (no shield)
rNeg     . . .     Spirit   .   k - +0 chain mail
rPois    .         Reflect  .   (no helmet)
rElec    .         Harm     .   (no cloak)
rCorr    .         Rampage  .   h - +1 pair of gloves
Will     .....                  d - +0 pair of boots
Stlth    ..........             (no amulet)
HPRegen  0.11/turn              (no ring)
MPRegen  0.09/turn              (no ring)

@: attractive
A: foul stench 2
a: Renounce Religion, Depart the Abyss


You were on level 2 of the Dungeon.
You worshipped Lugonu.
Lugonu was aware of your devotion.
You visited 1 branch of the dungeon, and saw 3 of its levels.
You visited the Abyss 1 time.

You collected 82 gold pieces.

Inventory:

Hand Weapons
 a - a +1 falchion
 j - a +0 long sword (weapon)
Armour
 b - a +0 leather armour
 d - a +0 pair of boots (worn)
 h - a +1 pair of gloves (worn)
 k - a +0 chain mail (worn)
Jewellery
 e - a ring of ice
Scrolls
 c - a scroll of identify {unknown}
 i - a scroll of enchant weapon {unknown}
Potions
 g - 2 potions of attraction


   Skills:
 + Level 3.0 Fighting
 - Level 4.0 Long Blades
 + Level 1.7 Armour
 + Level 1.0 Dodging
 - Level 2.4 Invocations


You had 3 spell levels left.
You didn't know any spells.
Your spell library contained the following spells:

 Spells                   Type           Power      Damage    Failure   Level
 Beastly Appendage        Tmut           0%         N/A       100%        1
 Wereblood                Tmut           0%         N/A       100%        2
 Spider Form              Tmut/Pois      0%         N/A       100%        3
 Ice Form                 Ice/Tmut       0%         N/A       100%        4
 Blade Hands              Tmut           0%         N/A       100%        5


Dungeon Overview and Level Annotations

Branches:
Dungeon (3/15)

Altars:
Dithmenos
Uskayaw
Yredelemnul
Zin

Shops:
D:2 *

Annotations:
D:2 Grinder


Innate Abilities, Weirdness & Mutations

You sometimes emit foul miasma when damaged in melee.


Message History

You climb downwards.
Level annotation: Grinder
There is a stone staircase leading up here.
Grinder is nearby!
Grinder blinks!
You barely miss Grinder. Grinder hits you but does no damage.
You barely miss Grinder. Grinder hits you.
You writhe in agony.
You emit a cloud of foul miasma!
You hit Grinder but do no damage. Grinder hits you!
You writhe in agony.
Grinder hits you.
It was a potion of curing.
You feel better. Grinder gestures at you. Pain shoots through your body!
It was a potion of attraction.
You feel attractive to monsters. Grinder hits you.
You writhe in agony.
* * * LOW HITPOINT WARNING * * *
You closely miss Grinder. Grinder hits you.
* * * LOW HITPOINT WARNING * * *
Grinder is pulled toward you! Grinder is pulled toward you!
There is a stone staircase leading up here.
Grinder barely misses you.
You riposte.
You completely miss Grinder.
You climb upwards.
There is a stone staircase leading down here.
Okay, then.
You barely miss Grinder. Grinder hits you but does no damage.
You closely miss Grinder. Grinder hits you.
* * * LOW HITPOINT WARNING * * *
You writhe in agony.
* * * LOW HITPOINT WARNING * * *
You emit a cloud of foul miasma!
You hit Grinder.
Grinder is lightly wounded.
Grinder gestures at you. You resist with significant effort.
You hit Grinder.
Grinder is lightly wounded.
Grinder hits you.
You die...

####..#.#####........P.P.#
##..#.#####............#
####.....##............##.#
.##...(...................#
.#.....................####
.......................#
...>.(.................#
..................######
...............5@.#
..................#
.................##
.........##.....##
.........########
.........# ##########


You could see Grinder.

Vanquished Creatures
  Jessica (D:2)
  An adder (D:2)
  A worm (D:2)
  2 dart slugs
  4 endoplasms
  2 hobgoblins
  2 jackals (D:1)
  3 quokkas
  4 ball pythons
  A bat (D:1)
  2 frilled lizards
  4 goblins
  A kobold (D:2)
  8 rats
36 creatures vanquished.

Notes
Turn   | Place    | Note
-------+----------+-------------------------------------------
     0 | Abyss:1  | polve the Demonspawn Abyssal Knight began the quest for the
                  | Orb.
     0 | Abyss:1  | Reached XP level 1. HP: 18/18 MP: 2/2
   115 | Abyss:1  | Noticed a spatial vortex
   136 | Abyss:2  | Noticed a smoke demon
   137 | D:1      | Escaped the Abyss
   256 | D:1      | Reached skill level 2 in Long Blades
   524 | D:1      | Gained mutation: You may rarely emit foul miasma when
                  | damaged in melee. [demonic ancestry]
   524 | D:1      | Reached XP level 2. HP: 23/24 MP: 3/3
  1302 | D:2      | Found Juray's Assorted Antiques.
  1433 | D:2      | Reached skill level 3 in Long Blades
  1530 | D:2      | Reached * piety under Lugonu
  1623 | D:2      | Reached XP level 3. HP: 19/29 MP: 4/4
  1899 | D:2      | Noticed Jessica
  1908 | D:2      | Killed Jessica
  2127 | D:2      | Found a basalt altar of Yredelemnul.
  2218 | D:2      | Reached skill level 4 in Long Blades
  2218 | D:2      | Gained mutation: You sometimes emit foul miasma when
                  | damaged in melee. [demonic ancestry]
  2218 | D:2      | Reached XP level 4. HP: 18/35 MP: 5/5
  2371 | D:2      | Found a hide-covered altar of Uskayaw.
  2375 | D:2      | Found a shadowy altar of Dithmenos.
  2632 | D:3      | Reached skill level 1 in Dodging
  2671 | D:3      | Noticed Grinder
  2672 | D:3      | Paralysed by Grinder for 6 turns
  2866 | D:3      | Paralysed by Grinder for 5 turns
  3220 | D:2      | HP: 1/35 [Grinder (2)]
  3222 | D:2      | Slain by Grinder

Illustrated notes

Levels and vault maps discovered:
D:1:      eino_arrival_cavern_a, layout_rooms, serial_co_window_serial,
          co_window_paths_a, co_window_corner_a, co_window_paths_a,
          co_window_corner_a, co_window_paths_a, co_window_corner_a,
          co_window_corner_a, co_window_paths_c, co_window_cross_2,
          co_window_of_opportunity_b, co_window_broadway_b,
          co_window_of_opportunity_b, glass_columns_c, glass_columns_a,
          glass_columns_b
D:2:      layout_rooms, yredelemnul_altar_generic,
          grunt_temple_overflow_diamond, serial_shops, shop, uniq_jessica
D:3:      layout_basic, lemuel_coloured_pillars_altar, ashenzari_altar_1,
          hangedman_decor_peaks_small, minmay_pentangle, uniq_grinder

Skill      XL: |  1  2  3  4 |
---------------+-------------+-----
Long Blades    | 2 3 4 |  4.0
Dodging        | 1 |  1.0
Fighting       | |  3.0
Armour         | |  1.7
Invocations    | |  2.4

Action                   |  1- 3 |  4- 6 || total
-------------------------+-------+-------++-------
Melee: Falchion          |    64 |       ||    64
       Long sword        |     6 |    25 ||    31
Invok: Depart the Abyss  |     1 |       ||     1
  Use: Potion            |       |     2 ||     2
Armor: Leather armour    |    23 |       ||    23
       Chain mail        |     7 |    12 ||    19
Dodge: Dodged            |    37 |     5 ||    42
       Rpst.: Falchion   |    17 |       ||    17
       Long sword        |     1 |     3 ||     4

Table legend: (Time is in decaauts)
 A = Elapsed time spent in this place.
 B = Non-inter-level travel time spent in this place.
 C = Inter-level travel time spent in this place.
 D = Time resting spent in this place.
 E = Time spent auto-exploring this place.
 F = Levels seen in this place.
 G = Mean time per level.
                   A        B        C        D        E       F      G
               +--------+--------+--------+--------+--------+-----+--------+
         Total |   3242 |   3057 |    185 |      0 |   2730 |   5 |  648.4 |
       Dungeon |   3106 |   2921 |    185 |      0 |   2604 |   3 | 1035.3 |
         Abyss |    136 |    136 |      0 |      0 |    126 |   2 |   68.0 |
               +--------+--------+--------+--------+--------+-----+--------+

Top non-repeatable levels by time:
     D:2: 1515 daAuts
     D:1: 1370 daAuts
     D:3: 220 daAuts
 Abyss:1: 123 daAuts
 Abyss:2: 13 daAuts
